 Dungeon Crawl Stone Soup version 0.30-a0-304-gdc4b735fe1 (webtiles) character file.

Game seed: 3957459140242948326

177 Kirk the Conjurer (level 5, 0/31 HPs)
             Began as an Octopode Conjurer on Oct 20, 2022.
             Killed by divine providence
             ... invoked by an orc priest
              (13 damage)
             ... on level 3 of the Dungeon.
             The game lasted 00:05:10 (3187 turns).

Kirk the Conjurer (Octopode Conjurer)               Turns: 3187, Time: 00:05:11

Health: 0/31       AC:  1    Str:  5 (6)  XL:     5   Next: 57%
Magic:  3/9        EV: 12    Int: 22 (23) God:
Gold:   130        SH:  0    Dex:  7 (10) Spells: 8/9 levels left

rFire   . . .      SeeInvis .    f - +0 short sword
rCold   . . .      Faith    .    (no shield)
rNeg    . . .      Spirit   .    (helmet restricted)
rPois   .          Reflect  .    (no amulet)
rElec   .          Harm     .    (no ring)
rCorr   .          Rampage  .    (no ring)
Will    .....      Clarity  +    (no ring)
Stlth   +++.......               (no ring)
HPRegen 0.25/turn                (no ring)
MPRegen 0.11/turn                (no ring)
                                 (no ring)
                                 (no ring)

@: no status effects
A: almost no armour, amphibious, 8 rings, camouflage 1, gelatinous body 1,
(nimble swimmer 1), tentacles, tentacle spike 1, clarity, deterioration 1
a: no special abilities


You were on level 3 of the Dungeon.
You visited 1 branch of the dungeon, and saw 3 of its levels.

You collected 130 gold pieces.

Inventory:

Hand Weapons
 f - a +0 short sword (weapon)
Armour
 c - a +0 tower shield
Scrolls
 h - 3 scrolls of identify
 i - 2 scrolls of brand weapon
 j - a scroll of teleportation {unknown}
 m - a scroll of poison {unknown}
Potions
 a - a potion of magic


   Skills:
 + Level 0.4 Short Blades
 - Level 2.0 Dodging
 - Level 2.6 Stealth
 + Level 2.9 Spellcasting
 + Level 6.1 Conjurations


You had 8 spell levels left.
You knew the following spells:

 Your Spells              Type           Power      Damage    Failure   Level
a - Magic Dart            Conj           100%       1d8       1%          1

Your spell library contained the following spells:

 Spells                   Type           Power      Damage    Failure   Level
 Searing Ray              Conj           60%        2d6       1%          2
 Dazzling Flash           Conj/Hex       32%        N/A       11%         3
 Sublimation of Blood     Necr           3%         N/A       19%         2
 Wereblood                Tmut           3%         N/A       19%         2
 Fulminant Prism          Conj/Hex       8%         3d7       34%         4
 Iskenderun's Mystic Bla  Conj/Tloc      16%        2d5       34%         4
 Summon Hydra             Summ           1%         N/A       100%        7


Dungeon Overview and Level Annotations

Branches:
Dungeon (3/15)

Altars:

Shops:
D:2 [*


Innate Abilities, Weirdness & Mutations

You cannot wear most types of armour.
You are amphibious.
You can wear up to eight rings at the same time.
Your skin changes colour to match your surroundings (Stealth+).
Your rubbery body absorbs attacks. (AC +1, EV +1)
((You are camouflaged when in or above water. (Stealth+)))
You have tentacles for arms and can constrict up to eight enemies at once.
One of your tentacles bears a spike.
You possess an exceptional clarity of mind.
Your body sometimes deteriorates upon taking damage.


Message History

Press: ? - help, Shift-Dir - straight line, f - orc priest
Aim: an orc priest, wielding a +0 falchion (100% to hit)
The magic dart hits the orc priest.
The orc priest is moderately wounded.
Casting: Magic Dart (safe; 1% risk of failure)
Confirm with . or Enter, or press ? or * to list all spells.
Aiming: Magic Dart (safe; 1% risk of failure)
Press: ? - help, Shift-Dir - straight line, f - orc
Aim: an orc, wielding a +0 whip and wearing a +0 leather armour (moderately wounded, 100% to hit)
The magic dart hits the orc.
The orc is severely wounded.
The orc barely misses you.
You hit the orc.
You kill the orc!
An orc priest comes into view. It is wielding a +0 club.
Unknown command.
Casting: Magic Dart (safe; 1% risk of failure)
Confirm with . or Enter, or press ? or * to list all spells.
Aiming: Magic Dart (safe; 1% risk of failure)
Press: ? - help, Shift-Dir - straight line, f - orc priest
Aim: an orc priest, wielding a +0 club and wearing a +0 scale mail (wandering, hasn't noticed you, 100% to hit)
The magic dart hits the orc priest!
The orc priest is heavily wounded.
The orc priest shouts!
The orc priest invokes the aid of Beogh against you.
Pain shoots through your body!
* * * LOW HITPOINT WARNING * * *
Unknown command.
It was a potion of degeneration.
There was something very wrong with that liquid.
You feel weakened.
You feel dopey.
You feel clumsy.
As you read the scroll labelled JIJOUDW SUCROEVIPP, it crumbles to dust.
It is a scroll of identify.
i - 2 scrolls of brand weapon
As you read the scroll labelled HEIVVE GE JIQ, it crumbles to dust.
You assume a fearsome visage.
The orc priest looks frightened! x2
It was a scroll of fear.
The orc priest mumbles some strange prayers to Beogh against you.
Beogh smites you!
You die...

##########
#######........###########
..o.)....o.......#.......#####
. ♣...o........#.##........# .
♣..##........#.##..#..##.# .
♣..##..............#..##.#
.♣♣♣♣..##......#@#.###....##.#
.......##......#.#.......###<#
)...o!.##........#####.#####.#
..#######...###### #.......#
†.#######...# .. #[##########
............#
....###.#######...
............#
..................
..(....#.####
....###<..#####... #######.##
.. #...# ####


You could see an orc priest.

Vanquished Creatures
  Terence (D:3)
  5 gnolls
  2 adders (D:2)
  3 worms (D:2)
  4 dart slugs
  3 orcs (D:3)
  3 ball pythons
  2 endoplasms (D:1)
  6 giant cockroaches
  4 goblins
  4 hobgoblins
  2 quokkas
  6 bats
  4 frilled lizards
  15 kobolds
  5 rats
69 creatures vanquished.

Notes
Turn   | Place    | Note
-------+----------+-------------------------------------------
     0 | D:1      | Kirk the Octopode Conjurer began the quest for the Orb.
     0 | D:1      | Reached XP level 1. HP: 11/11 MP: 3/3
   474 | D:1      | Reached XP level 2. HP: 17/17 MP: 1/5
   656 | D:1      | Reached XP level 3. HP: 18/21 MP: 0/6
  1025 | D:1      | Reached skill level 5 in Conjurations
  1451 | D:2      | Reached XP level 4. HP: 24/27 MP: 0/7
  1688 | D:2      | Found Beygen's Assorted Antiques.
  2450 | D:2      | Reached XP level 5. HP: 31/31 MP: 2/8
  2597 | D:2      | Found Teqyunuf's Armour Shoppe.
  2906 | D:3      | Reached skill level 6 in Conjurations
  3024 | D:3      | Noticed Terence
  3037 | D:3      | Gained mutation: You possess an exceptional clarity of
                  | mind. [potion of mutation]
  3037 | D:3      | Gained mutation: Your body sometimes deteriorates upon
                  | taking damage. [potion of mutation]
  3037 | D:3      | Gained mutation: One of your tentacles bears a spike.
                  | [potion of mutation]
  3049 | D:3      | Killed Terence
  3187 | D:3      | Killed from afar by an orc priest

Illustrated notes

Levels and vault maps discovered:
D:1:      lightli_arrival_boilingwater, layout_loops_corners
D:2:      layout_rooms, serial_shops, shop, shop, serial_co_window_serial,
          co_window_corner_a, co_window_corner_a, co_window_paths_a,
          co_window_paths_a, co_window_of_opportunity_a, co_window_broadway_c,
          co_window_of_opportunity_b, co_window_broadway_b, co_window_corner_b,
          co_window_broadway_b, co_window_2corner, co_window_2corner,
          glass_columns_c, minmay_heptomino_l4
D:3:      layout_loops_cross, mainiacjoe_overflow_chevrons,
          reono_crystal_passage, roderic_malta_cross, uniq_terence

Skill      XL: |  1  2  3  4  5 |
---------------+----------------+-----
Conjurations   | 5 6 |  6.1
Short Blades   | |  0.4
Dodging        | |  2.0
Stealth        | |  2.6
Spellcasting   | |  2.9

Action                   |  1- 3 |  4- 6 || total
-------------------------+-------+-------++-------
Melee: Unarmed           |     6 |       ||     6
       Constrict         |     4 |     8 ||    12
       Tentacles         |     1 |     6 ||     7
       Short sword       |    10 |    43 ||    53
       Punch             |     1 |       ||     1
 Cast: Magic Dart        |    62 |    64 ||   126
  Use: Potion            |       |     5 ||     5
       Scroll            |       |     2 ||     2
 Stab: Sleeping          |     1 |     3 ||     4
Armor: Skin              |     1 |    14 ||    15
Dodge: Dodged            |     7 |    31 ||    38

Table legend: (Time is in decaauts)
 A = Elapsed time spent in this place.
 B = Non-inter-level travel time spent in this place.
 C = Inter-level travel time spent in this place.
 D = Time resting spent in this place.
 E = Time spent auto-exploring this place.
 F = Levels seen in this place.
 G = Mean time per level.
                   A        B        C        D        E       F      G
               +--------+--------+--------+--------+--------+-----+--------+
         Total |   3186 |   3032 |    154 |    287 |   2336 |   3 | 1062.0 |
       Dungeon |   3186 |   3032 |    154 |    287 |   2336 |   3 | 1062.0 |
               +--------+--------+--------+--------+--------+-----+--------+

Top non-repeatable levels by time:
     D:1: 1420 daAuts
     D:2: 1320 daAuts
     D:3: 445 daAuts
